SL
FT. WORTH CATTLEMEN @ HOUSTON 1837 BBC
04/21/2026
 
TOP OF THE 1ST
Ft. Worth Cattlemen batting - Pitching for Houston 1837 BBC : RHP Gary Bailey
Pitching: RHP Gary Bailey
Batting: LHB Nobuo Yamashita 0-0: Ground out 1-3 (Groundball, 13)
Batting: SHB Robby Day 0-0: Foul Ball, location: 2F
0-1: Ball
1-1: Ball
2-1: Ball
3-1: Swinging Strike
3-2: SOLO HOME RUN (Flyball, 9LD), Distance : 356 ft
Batting: RHB Bart Lewis 0-0: Foul Ball, location: 2F
0-1: Foul Ball, location: 2F
0-2: Ball
1-2: Ball
2-2: Foul Ball, location: 2F
2-2: Foul Ball, location: 2F
2-2: Foul Ball, location: 2F
2-2: Foul Ball, location: 2F
2-2: Ground out 6-3 (Groundball, 6)
Batting: RHB Enrique Marroquín 0-0: Ball
1-0: Ball
2-0: Ball
3-0: Called Strike
3-1: Called Strike
3-2: Foul Ball, location: 2F
3-2: Foul Ball, location: 2F
3-2: DOUBLE (Flyball, 78M)
Batting: LHB Ryan Westlake 0-0: Ball
1-0: Ground out 3-1 (Groundball, 34S)
Top of the 1st over - 1 run(s), 2 hit(s), 0 error(s), 1 left on base; Ft. Worth 1 - Houston 0
BOTTOM OF THE 1ST
Houston 1837 BBC batting - Pitching for Ft. Worth Cattlemen : LHP Bartolomeu Lio
Pitching: LHP Bartolomeu Lio
Batting: RHB Casey Cavell 0-0: Ball
1-0: Swinging Strike
1-1: Swinging Strike
1-2: Foul Ball, location: 2F
1-2: Strikes out swinging
Batting: RHB Charles Rowell 0-0: Called Strike
0-1: Ball
1-1: Swinging Strike
1-2: Strikes out swinging, 2-3 out at first.
Batting: RHB Bob Dickerson 0-0: Ball
1-0: Swinging Strike
1-1: Ball
2-1: Foul Ball, location: 2F
2-2: Ground out 6-3 (Groundball, 6)
Bottom of the 1st over - 0 run(s), 0 hit(s), 0 error(s), 0 left on base; Ft. Worth 1 - Houston 0
TOP OF THE 2ND
Ft. Worth Cattlemen batting - Pitching for Houston 1837 BBC : RHP Gary Bailey
Batting: RHB Teruo Nakayama 0-0: Foul Ball, location: 2F
0-1: Ball
1-1: Foul Ball, location: 2F
1-2: Ball
2-2: Ball
3-2: Foul Ball, location: 2F
3-2: Foul Ball, location: 2F
3-2: Fly out, F8 (Flyball, 8LM)
Batting: RHB Vernon Caw 0-0: Fly out, F9 (Flyball, 9LS)
Batting: RHB Joey Morgan 0-0: Foul Ball, location: 2F
0-1: Ball
1-1: Ball
2-1: Ball
3-1: Base on Balls
Batting: SHB John Allen 0-0: Ball
1-0: Fielders Choice at 2nd, 4-6 (Groundball, 4)
Top of the 2nd over - 0 run(s), 0 hit(s), 0 error(s), 0 left on base; Ft. Worth 1 - Houston 0
BOTTOM OF THE 2ND
Houston 1837 BBC batting - Pitching for Ft. Worth Cattlemen : LHP Bartolomeu Lio
Batting: SHB Galtero Suárez 0-0: Called Strike
0-1: Ground out 5-3 (Groundball, 56)
Batting: LHB Mike Hanson 0-0: Ball
1-0: Ball
2-0: Foul Ball, location: 2F
2-1: Foul Ball, location: 2F
2-2: Ball
3-2: Foul Ball, location: 2F
3-2: Strikes out looking
Batting: RHB David Gómez 0-0: Ball
1-0: Ball
2-0: Called Strike
2-1: Ground out U3 (Groundball, 34)
Bottom of the 2nd over - 0 run(s), 0 hit(s), 0 error(s), 0 left on base; Ft. Worth 1 - Houston 0
TOP OF THE 3RD
Ft. Worth Cattlemen batting - Pitching for Houston 1837 BBC : RHP Gary Bailey
Batting: LHB Nobuo Yamashita 0-0: Ball
1-0: Ground out U3 (Groundball, 34)
Batting: SHB Robby Day 0-0: Called Strike
0-1: Swinging Strike
0-2: Foul Ball, location: 2F
0-2: Ball
1-2: SINGLE (Groundball, 34D)
Batting: RHB Bart Lewis 0-0: Ball
1-0: Ball
2-0: Called Strike
2-1: Fly out, F8 (Flyball, 8LD)
Batting: RHB Enrique Marroquín 0-0: Called Strike
Robby Day is caught stealing 2nd base
Top of the 3rd over - 0 run(s), 1 hit(s), 0 error(s), 0 left on base; Ft. Worth 1 - Houston 0
BOTTOM OF THE 3RD
Houston 1837 BBC batting - Pitching for Ft. Worth Cattlemen : LHP Bartolomeu Lio
Batting: RHB Bob Sargent 0-0: Ball
1-0: Fly out, F8 (Flyball, 8LS)
Batting: RHB Scott Robertson 0-0: Swinging Strike
0-1: Swinging Strike
0-2: Ball
1-2: Strikes out swinging
Batting: LHB Damian Delaney 0-0: Called Strike
0-1: Called Strike
0-2: Ground out 6-3 (Groundball, 6)
Bottom of the 3rd over - 0 run(s), 0 hit(s), 0 error(s), 0 left on base; Ft. Worth 1 - Houston 0
TOP OF THE 4TH
Ft. Worth Cattlemen batting - Pitching for Houston 1837 BBC : RHP Gary Bailey
Batting: RHB Enrique Marroquín 0-0: Ball
1-0: Foul Ball, location: 2F
1-1: Called Strike
1-2: Ground out 6-3 (Groundball, 56)
Batting: LHB Ryan Westlake 0-0: Ball
1-0: Foul Ball, location: 2F
1-1: Called Strike
1-2: Ball
2-2: Ground out 4-3 (Groundball, 4)
Batting: RHB Teruo Nakayama 0-0: Ball
1-0: Called Strike
1-1: SINGLE (Groundball, 6MD)
Pitching: LHP Lee Branch
Batting: RHB Vernon Caw 0-0: Called Strike
0-1: Foul Ball, location: 2F
0-2: Ball
1-2: Foul Ball, location: 2F
1-2: Ball
2-2: Foul Ball, location: 2F
2-2: Ball
3-2: Foul Ball, location: 2F
3-2: Foul Ball, location: 2F
3-2: Base on Balls
Teruo Nakayama to second
Batting: RHB Joey Morgan 0-0: SINGLE (Line Drive, 9LS)
Teruo Nakayama to third
Vernon Caw to second
Batting: SHB John Allen 0-0: Swinging Strike
0-1: SINGLE (Flyball, 8RS)
Teruo Nakayama scores
Vernon Caw to third
Joey Morgan to second
Batting: LHB Nobuo Yamashita 0-0: Ball
1-0: Ball
2-0: Called Strike
2-1: Swinging Strike
2-2: Strikes out swinging
Top of the 4th over - 1 run(s), 3 hit(s), 0 error(s), 3 left on base; Ft. Worth 2 - Houston 0
BOTTOM OF THE 4TH
Houston 1837 BBC batting - Pitching for Ft. Worth Cattlemen : LHP Bartolomeu Lio
Batting: RHB Casey Cavell 0-0: Called Strike
0-1: Ball
1-1: Ball
2-1: Ground out 5-3 (Groundball, 56)
Batting: RHB Charles Rowell 0-0: Swinging Strike
0-1: Ball
1-1: Called Strike
1-2: Ball
2-2: Foul Ball, location: 2F
2-2: Ball
3-2: Fly out, F2 (Popup, 3S)
Batting: RHB Bob Dickerson 0-0: Foul Ball, location: 2F
0-1: Foul Ball, location: 2F
0-2: Ball
1-2: Foul Ball, location: 2F
1-2: Ball
2-2: Fly out, F7 (Flyball, 78M)
Bottom of the 4th over - 0 run(s), 0 hit(s), 0 error(s), 0 left on base; Ft. Worth 2 - Houston 0
TOP OF THE 5TH
Ft. Worth Cattlemen batting - Pitching for Houston 1837 BBC : LHP Lee Branch
Pitching: RHP Francisco García
Batting: SHB Robby Day 0-0: Ground out 4-3 (Groundball, 4)
Batting: RHB Bart Lewis 0-0: Ball
1-0: Swinging Strike
1-1: Ball
2-1: Ball
3-1: Foul Ball, location: 2F
3-2: Ground out 1-3 (Groundball, 13)
Batting: RHB Enrique Marroquín 0-0: Called Strike
0-1: Foul Ball, location: 2F
0-2: Ball
1-2: Foul Ball, location: 2F
1-2: DOUBLE (Line Drive, 7D)
Batting: LHB Ryan Westlake 0-0: Ground out 4-3 (Groundball, 4)
Top of the 5th over - 0 run(s), 1 hit(s), 0 error(s), 1 left on base; Ft. Worth 2 - Houston 0
BOTTOM OF THE 5TH
Houston 1837 BBC batting - Pitching for Ft. Worth Cattlemen : LHP Bartolomeu Lio
Pitching: LHP Ron Anderson
Batting: SHB Galtero Suárez 0-0: Ball
1-0: Ball
2-0: Ball
3-0: Called Strike
3-1: Ground out 4-3 (Groundball, 4)
Batting: LHB Mike Hanson 0-0: Ball
1-0: Called Strike
1-1: Foul Ball, location: 2F
1-2: Foul Ball, location: 2F
1-2: Foul Ball, location: 2F
1-2: Strikes out swinging
Batting: RHB David Gómez 0-0: Swinging Strike
0-1: Swinging Strike
0-2: Strikes out swinging
Bottom of the 5th over - 0 run(s), 0 hit(s), 0 error(s), 0 left on base; Ft. Worth 2 - Houston 0
TOP OF THE 6TH
Ft. Worth Cattlemen batting - Pitching for Houston 1837 BBC : RHP Francisco García
Batting: RHB Teruo Nakayama 0-0: Called Strike
0-1: Fly out, F9 (Flyball, 9S)
Pitching: RHP Francisco Valdés
Batting: RHB Vernon Caw 0-0: Ball
1-0: Swinging Strike
1-1: Called Strike
1-2: Ball
2-2: Ball
3-2: Strikes out swinging
Batting: RHB Joey Morgan 0-0: TRIPLE (Groundball, 5L)
Batting: SHB John Allen 0-0: Foul Ball, location: 2F
0-1: Ground out 6-3 (Groundball, 56)
Top of the 6th over - 0 run(s), 1 hit(s), 0 error(s), 1 left on base; Ft. Worth 2 - Houston 0
BOTTOM OF THE 6TH
Houston 1837 BBC batting - Pitching for Ft. Worth Cattlemen : LHP Ron Anderson
Batting: RHB Bob Sargent 0-0: Ball
1-0: Called Strike
1-1: Ball
2-1: SINGLE (Groundball, 56D)
Batting: RHB Scott Robertson 0-0: Ball
1-0: Called Strike
1-1: Swinging Strike
1-2: Ball
2-2: Grounds into double play, 5-4-3 (Groundball, 56)
Batting: LHB Damian Delaney 0-0: Ball
1-0: Called Strike
1-1: Ball
2-1: Fly out, F6 (Popup, 6MD)
Bottom of the 6th over - 0 run(s), 1 hit(s), 0 error(s), 0 left on base; Ft. Worth 2 - Houston 0
TOP OF THE 7TH
Ft. Worth Cattlemen batting - Pitching for Houston 1837 BBC : RHP Francisco Valdés
Pinch Hitting: RHB Keith Best 0-0: Ball
1-0: Foul Ball, location: 2F
1-1: Ground out 4-3 (Groundball, 4)
Pinch Hitting: LHB Orlando Trevino 0-0: Fly out, F8 (Flyball, 8RM)
Pinch Hitting: RHB Stephen Blair 0-0: Foul Ball, location: 2F
0-1: Ball
1-1: Ball
2-1: Ball
3-1: Base on Balls
Pitching: RHP Emil Olsson
Pinch Hitting: RHB Tyrone Scott 0-0: Called Strike
0-1: Ball
1-1: Ball
Passed Ball!
Stephen Blair to second
2-1: Foul Ball, location: 2F
2-2: Strikes out looking
Top of the 7th over - 0 run(s), 0 hit(s), 0 error(s), 1 left on base; Ft. Worth 2 - Houston 0
BOTTOM OF THE 7TH
Houston 1837 BBC batting - Pitching for Ft. Worth Cattlemen : LHP Ron Anderson
Now at 1B: Orlando Trevino
Now at SS: Tyrone Scott
Now in LF: Stephen Blair
Now in RF: Keith Best
Batting: RHB Casey Cavell 0-0: Called Strike
0-1: Called Strike
0-2: Foul Ball, location: 2F
0-2: Foul Ball, location: 2F
0-2: Ball
1-2: Strikes out swinging
Batting: RHB Charles Rowell 0-0: Called Strike
0-1: Ball
1-1: Called Strike
1-2: Ball
2-2: Strikes out swinging
Batting: RHB Bob Dickerson 0-0: Called Strike
0-1: Ball
1-1: Ball
2-1: Ball
3-1: Called Strike
3-2: Base on Balls
Batting: SHB Galtero Suárez 0-0: Foul Ball, location: 2F
0-1: Ball
1-1: Fielders Choice at 2nd, 6-4 (Groundball, 6)
Bottom of the 7th over - 0 run(s), 0 hit(s), 0 error(s), 0 left on base; Ft. Worth 2 - Houston 0
TOP OF THE 8TH
Ft. Worth Cattlemen batting - Pitching for Houston 1837 BBC : RHP Emil Olsson
Pinch Hitting: RHB Jesús Martínez 0-0: Foul Ball, location: 2F
0-1: Ball
1-1: Hit by Pitch
Batting: RHB Teruo Nakayama 0-0: Foul Ball, location: 2F
0-1: Ball
1-1: Foul Ball, location: 2F
1-2: Foul Ball, location: 2F
1-2: Strikes out looking
Pinch Hitting: LHB Pat McJannett 0-0: Called Strike
0-1: Ball
1-1: SINGLE (Groundball, 56D)
Jesús Martínez to second
Pitching: RHP Tyler Rodríguez
Batting: RHB Álex Hernández 0-0: Reached on error, E6 (Groundball, 6)
Jesús Martínez to third
Pat McJannett to second
Pinch Hitting: LHB Davis Anderson 0-0: Ball
1-0: Foul Ball, location: 2F
1-1: Foul Ball, location: 2F
1-2: Foul Ball, location: 2F
1-2: Foul Ball, location: 2F
1-2: Grounds into fielders choice 3-2 (Groundball, 3)
Pat McJannett to third
Álex Hernández to second
Batting: RHB Keith Best 0-0: Called Strike
0-1: Ball
1-1: Reached via error on a dropped throw, E4
Pat McJannett scores
Álex Hernández to third
Davis Anderson to second
Batting: LHB Orlando Trevino 0-0: Ball
Wild Pitch!
Álex Hernández scores
Davis Anderson to third
Keith Best to second
1-0: Ball
2-0: Ball
3-0: Base on Balls
Batting: RHB Stephen Blair 0-0: Called Strike
0-1: Foul Ball, location: 2F
0-2: Ball
1-2: Foul Ball, location: 2F
1-2: Foul Ball, location: 2F
1-2: Foul Ball, location: 2F
1-2: Strikes out swinging
Top of the 8th over - 2 run(s), 1 hit(s), 2 error(s), 3 left on base; Ft. Worth 4 - Houston 0
BOTTOM OF THE 8TH
Houston 1837 BBC batting - Pitching for Ft. Worth Cattlemen : LHP Ron Anderson
Now at 2B: Davis Anderson
Now at SS: Jesús Martínez
Now in RF: Pat McJannett
Batting: LHB Mike Hanson 0-0: Called Strike
0-1: Called Strike
0-2: Foul Ball, location: 2F
0-2: Foul Ball, location: 2F
0-2: Ground out 4-3 (Groundball, 4)
Pitching: RHP Cole Hall
Batting: RHB David Gómez 0-0: Called Strike
0-1: Foul Ball, location: 2F
0-2: Ball
1-2: Foul Ball, location: 2F
1-2: Strikes out swinging
Batting: RHB Bob Sargent 0-0: Fly out, F7 (Flyball, 78S)
Bottom of the 8th over - 0 run(s), 0 hit(s), 0 error(s), 0 left on base; Ft. Worth 4 - Houston 0
TOP OF THE 9TH
Ft. Worth Cattlemen batting - Pitching for Houston 1837 BBC : RHP Tyler Rodríguez
Pitching: LHP Drew Cullen
Batting: RHB Tyrone Scott 0-0: Called Strike
0-1: SINGLE (Groundball, 34D)
Batting: RHB Jesús Martínez 0-0: Called Strike
0-1: Grounds into double play, 5-4-3 (Groundball, 5L)
Batting: RHB Teruo Nakayama 0-0: Fly out, F7 (Flyball, 7D)
Top of the 9th over - 0 run(s), 1 hit(s), 0 error(s), 0 left on base; Ft. Worth 4 - Houston 0
BOTTOM OF THE 9TH
Houston 1837 BBC batting - Pitching for Ft. Worth Cattlemen : RHP Cole Hall
Batting: RHB Scott Robertson 0-0: Called Strike
0-1: Ball
1-1: Swinging Strike
1-2: Strikes out looking
Batting: LHB Damian Delaney 0-0: Foul Ball, location: 2F
0-1: Ball
1-1: Foul Ball, location: 2F
1-2: Ball
2-2: SOLO HOME RUN (Line Drive, 9D), Distance : 373 ft
Pinch Hitting: RHB Luis Tapia 0-0: Ball
1-0: Foul Ball, location: 2F
1-1: Ball
2-1: Swinging Strike
2-2: SINGLE (Flyball, 89S) - OUT at second base trying to stretch hit.
Pinch Hitting: LHB José Marín 0-0: Ball
1-0: Called Strike
1-1: Ball
2-1: Swinging Strike
2-2: Ball
3-2: Base on Balls
Pitching: LHP Jason Horne
Pinch Hitting: RHB Kumanosuke Abe 0-0: Called Strike
0-1: Ball
1-1: Ball
2-1: Ball
3-1: Base on Balls
José Marín to second
Pinch Hitting: RHB Rubén Marino 0-0: Called Strike
0-1: Swinging Strike
0-2: Foul Ball, location: 2F
0-2: Ball
1-2: Strikes out looking
Bottom of the 9th over - 1 run(s), 2 hit(s), 0 error(s), 2 left on base; Ft. Worth 4 - Houston 1
Monday, March 20th, 2017 - OOTP Baseball 17.12 Build 75